 Dungeon Sprint DCSS version 0.30-a0-534-gdc55766716 (webtiles) character file.

Game seed: 15080910460906835363

1 rocky1 the Slasher (level 1, -3/16 HPs)
             Began as a Demonspawn Gladiator on Dec 25, 2022.
             Slain by Jessica
             ... wielding a +0 club
              (4 damage)
             ... in the Dungeon (Sprint III: "The Ten Rune Challenge").
             The game lasted 00:00:08 (31 turns).

rocky1 the Slasher (Demonspawn Gladiator)             Turns: 31, Time: 00:00:08

Health: -3/16      AC:  4    Str: 14    XL:     1   Next: 16%
Magic:  1/1        EV: 12    Int:  9    God:
Gold:   0          SH:  0    Dex: 14    Spells: 0/0 levels left

rFire   . . .      SeeInvis .    a - +0 long sword
rCold   . . .      Faith    .    (no shield)
rNeg    . . .      Spirit   .    b - +0 leather armour
rPois   .          Reflect  .    c - +0 helmet
rElec   .          Harm     .    (no cloak)
rCorr   .          Rampage  .    (no gloves)
Will    .....      NoTele   +    (no boots)
Stlth   +                        (no amulet)
HPRegen 0.22/turn                (no ring)
MPRegen 0.07/turn                (no ring)

@: no status effects
A: no striking features
a: no special abilities


You were in the Dungeon.
You visited 1 branch

Inventory:

Hand Weapons
 a - a +0 long sword (weapon)
Missiles
 d - 3 throwing nets (quivered)
 e - a javelin
Armour
 b - a +0 leather armour (worn)
 c - a +0 helmet (worn)
Scrolls
 k - a scroll of blinking
Potions
 f - a potion of curing
 g - a potion of heal wounds
 h - a potion of haste
 i - 2 potions of magic
 j - a potion of berserk rage
 l - a potion of attraction {unknown}


   Skills:
 + Level 2.1 Fighting
 + Level 3.0 Long Blades
 + Level 1.8 Throwing
 + Level 3.0 Dodging


You couldn't memorise any spells.
You didn't know any spells.
Your spell library was empty.

Dungeon Overview and Level Annotations

Branches:
Dungeon (1/1)

Altars:

Annotations:
D Jessica


Message History

Welcome, rocky1 the Demonspawn Gladiator.
Press ? for a list of commands and other information.
Found a staircase leading out of the dungeon.
A rat comes into view.
A rat comes into view.
Found a coppery potion.
The rat bites you but does no damage.
You hit the rat.
You kill the rat!
The rat barely misses you.
You slash the rat!
You kill the rat!
Your Long Blades skill increases to level 3!
Your Dodging skill increases to level 3!
No target in view!
l - a coppery potion
Found a helmet.
No target in view!
No target in view!
Jessica the Apprentice Sorceress comes into view.
She is wielding a +0 club.
Jessica shouts!
Jessica hits you with a +0 club.
You hit Jessica but do no damage. Jessica closely misses you.
You completely miss Jessica. Jessica closely misses you.
You hit Jessica.
Jessica is lightly wounded.
Jessica hits you with a +0 club! Jessica closely misses you.
You barely miss Jessica.
Jessica is lightly wounded.
Jessica hits you with a +0 club.
* * * LOW HITPOINT WARNING * * *
You closely miss Jessica.
Jessica is lightly wounded.
Jessica hits you with a +0 club.
You die...

▓▓▓▓▓▓▓▓▓
▓<..#[..####
▓...#......##
▓..##...@@..#
▓##.##.##...#
##.##.###..#
▓#.####.# ..#
▓.###..## ##
▓#.....#
###..##
##..## #..##


You could see Jessica.

Vanquished Creatures
  2 rats (D)
2 creatures vanquished.

Notes
Turn   | Place    | Note
-------+----------+-------------------------------------------
     0 | D        | rocky1 the Demonspawn Gladiator began the quest for the
                  | Orb.
     0 | D        | Reached XP level 1. HP: 16/16 MP: 1/1
    24 | D        | Noticed Jessica
    31 | D        | Slain by Jessica

Illustrated notes

Levels and vault maps discovered:
D:        dungeon_sprint_mu [sprint_mu_entry_cave, sprint_mu_temple_rooms,
          sprint_mu_d1_horrors, sprint_mu_d2_genie, sprint_mu_d3_branching,
          sprint_mu_orc_legion, sprint_mu_elf_gauntlet, sprint_mu_hive_nellie,
          sprint_mu_lair_fedhas, sprint_mu_vaults_butterflies,
          sprint_mu_slime_circle, sprint_mu_swamp_cave, sprint_mu_snake_twists,
          sprint_mu_blade_basic, sprint_mu_crypt_lich, sprint_mu_tomb_spiral,
          sprint_mu_vestibule_basic, sprint_mu_gehenna_hellfire,
          sprint_mu_dis_giant, sprint_mu_tartarus_statrot,
          sprint_mu_cocytus_islands, sprint_mu_zot1]

Skill      XL: |  1 |
---------------+----+-----
Long Blades    | 3 |  3.0
Dodging        | 3 |  3.0
Fighting       | |  2.1
Throwing       | |  1.8

Action                   || total
-------------------------++-------
Melee: Long sword        ||     7
Armor: Leather armour    ||     1
Dodge: Dodged            ||     4

Table legend: (Time is in decaauts)
 A = Elapsed time spent in this place.
 B = Non-inter-level travel time spent in this place.
 C = Inter-level travel time spent in this place.
 D = Time resting spent in this place.
 E = Time spent auto-exploring this place.
 F = Levels seen in this place.
 G = Mean time per level.
                   A        B        C        D        E       F      G
               +--------+--------+--------+--------+--------+-----+--------+
         Total |     32 |     32 |      0 |      0 |     14 |   1 |   32.0 |
       Dungeon |     32 |     32 |      0 |      0 |     14 |   1 |   32.0 |
               +--------+--------+--------+--------+--------+-----+--------+

Top non-repeatable levels by time:
       D: 32 daAuts
